 Dungeon Crawl Stone Soup version 0.28-a0-796-gd4f0d3f9b2 (webtiles) character file.

Game seed: 3375764381550700269

8020 Gargoyl the Fighter (level 11, -3/89 HPs)
             Began as a Gnoll Abyssal Knight on Nov 6, 2021.
             Was a Priest of Lugonu.
             Slain by a gargoyle (7 damage)
             ... on level 11 of the Dungeon.
             The game lasted 00:17:11 (14127 turns).

Gargoyl the Fighter (Gnoll Abyssal Knight)         Turns: 14127, Time: 00:17:11

Health: -3/89      AC: 16    Str: 18    XL:     11   Next: 24%
Magic:  0/20       EV: 13    Int: 10    God:    Lugonu [***...]
Gold:   527        SH:  5    Dex: 13    Spells: 22/22 levels left

rFire   . . .      SeeInvis .   c - +0 dagger (elec)
rCold   + + .      Faith    .   o - +0 buckler
rNeg    + . .      Spirit   +   l - +5 ring mail of the Fletcher {rC++ rN+ Str+3}
rPois   .          Reflect  .   (no helmet)
rElec   .          Harm     .   h - +0 cloak
rCorr   .          Rampage  .   v - +0 pair of gloves
Will    .....                   (no boots)
Stlth   ++........              k - amulet of guardian spirit
HPRegen 0.24/turn               (no ring)
MPRegen 0.17/turn               (no ring)

@: unable to read
A: fangs 1, strong nose, distributed training, iridescent scales 1, inability to
read while threatened
a: Renounce Religion, Depart the Abyss, Bend Space, Banish


You were on level 11 of the Dungeon.
You worshipped Lugonu.
Lugonu was most pleased with you.
You visited 1 branch of the dungeon, and saw 12 of its levels.
You visited the Abyss 1 time.

You collected 527 gold pieces.

Inventory:

Hand Weapons
 a - a +2 spectral hand axe
 c - a +0 dagger of electrocution (weapon)
 x - a +4 hand axe
Missiles
 f - a throwing net
 n - 56 poisoned darts (quivered)
Armour
 h - a +0 cloak (worn)
 l - the +5 ring mail of the Fletcher (worn) {rC++ rN+ Str+3}
   (You found it on level 4 of the Dungeon)

   Str:       It affects your strength (+3).
   rC:        It greatly protects you from cold.
   rN:        It protects you from negative energy.
 o - a +0 buckler (worn)
 v - a +0 pair of gloves (worn)
Jewellery
 k - an amulet of guardian spirit (around neck)
 w - a ring of see invisible
Wands
 q - a wand of iceblast (3)
 t - a wand of digging (6)
 y - a wand of paralysis (9)
Scrolls
 e - 3 scrolls of fear
 p - a scroll of teleportation
 u - 3 scrolls of identify
 z - a scroll of fog
Potions
 b - 3 potions of brilliance
 d - a potion of heal wounds
 i - a potion of invisibility
 j - a potion of lignification
 m - 3 potions of flight
 r - a potion of haste
 s - 3 potions of curing


   Skills:
 + Level 9.0 Fighting
 + Level 6.1 Short Blades
 + Level 6.1 Long Blades
 + Level 7.7 Axes
 + Level 6.1 Maces & Flails
 + Level 6.1 Polearms
 + Level 6.1 Staves
 + Level 6.1 Slings
 + Level 6.1 Bows
 + Level 6.1 Crossbows
 + Level 6.1 Throwing
 + Level 7.7 Armour
 + Level 6.7 Dodging
 + Level 6.1 Stealth
 + Level 6.1 Shields
 + Level 6.1 Unarmed Combat
 + Level 6.1 Spellcasting
 + Level 5.0 Conjurations
 + Level 5.0 Hexes
 + Level 5.0 Summonings
 + Level 5.0 Necromancy
 + Level 5.0 Translocations
 + Level 5.0 Transmutations
 + Level 5.0 Fire Magic
 + Level 5.0 Ice Magic
 + Level 5.0 Air Magic
 + Level 5.0 Earth Magic
 + Level 5.0 Poison Magic
 + Level 8.2 Invocations
 + Level 6.1 Evocations


You had 22 spell levels left.
You didn't know any spells.
Your spell library contained the following spells:

 Spells                   Type           Power      Damage    Failure   Level
 Beastly Appendage        Tmut           26%        N/A       4%          1
 Magic Dart               Conj           52%        1d5       4%          1
 Summon Small Mammal      Summ           52%        N/A       4%          1
 Ensorcelled Hibernation  Hex/Ice        26%        N/A       6%          2
 Searing Ray              Conj           26%        2d5       6%          2
 Wereblood                Tmut           13%        N/A       6%          2
 Call Canine Familiar     Summ           13%        N/A       12%         3
 Spider Form              Tmut/Pois      13%        N/A       12%         3
 Summon Guardian Golem    Hex/Summ       13%        N/A       12%         3
 Tukima's Dance           Hex            13%        N/A       12%         3
 Fulminant Prism          Conj/Hex       6%         3d7       38%         4


Dungeon Overview and Level Annotations

Branches:
Dungeon (12/15)            Temple (0/1) D:7             Orc (0/2) D:9
   Lair: D:8-11

Altars:
Cheibriados
Elyvilon
Gozag
Hepliaklqana
Makhleb
Nemelex Xobeh
Okawaru
Sif Muna
Trog
Uskayaw
Wu Jian
Yredelemnul
The Shining One

Shops:
D:5 *

Annotations:
D:6 3 runed translucent doors, Zigma's ghost, novice OpNe


Innate Abilities, Weirdness & Mutations

You have very sharp teeth.
Your uncanny sense of smell can sniff out nearby items.
Your experience applies equally to all skills.
You are partially covered in iridescent scales. (AC +2)
You sometimes lose the ability to read scrolls when taking damage.


Message History

The gargoyle hits you but does no damage.
You hit the gargoyle.
You bite the gargoyle, but do no damage.
The gargoyle is severely damaged.
The gargoyle hurls a stone arrow at you.
The stone arrow misses you.
You hit the gargoyle but do no damage.
The gargoyle is severely damaged.
You hit the gargoyle but do no damage.
The gargoyle is severely damaged.
The gargoyle hurls a stone arrow at you.
The stone arrow hits you!
You feel threatened and lose the ability to read scrolls!
You hit the gargoyle but do no damage.
The gargoyle is severely damaged.
The gargoyle hits you with a +0 flail.
* * * LOW HITPOINT WARNING * * *
You hit the gargoyle but do no damage.
The gargoyle is severely damaged.
You hit the gargoyle but do no damage.
The gargoyle is severely damaged.
You block the gargoyle's attack.
You barely miss the gargoyle.
The gargoyle is severely damaged.
The gargoyle hits you with a +0 flail!
* * * LOW HITPOINT WARNING * * *
You hit the gargoyle but do no damage.
The gargoyle is severely damaged.
The gargoyle barely misses you.
You hit the gargoyle but do no damage.
The gargoyle is severely damaged.
You barely miss the gargoyle.
You bite the gargoyle, but do no damage.
The gargoyle is severely damaged.
The gargoyle hits you with a +0 flail!
* * * LOW HITPOINT WARNING * * *
You hit the gargoyle but do no damage.
The gargoyle is severely damaged.
The gargoyle hits you with a +0 flail!
You die...

........######
#####.............
#...#.............
#...#.............
#...#.............
#...#.............
#...#.....9.......
##...######@.#
#.........#..# #
#.........#..#.##.#
#.........>........
#...........#####+####
#.....................
#.........#.###....#.#
###.......+.# ....#
##......### ....#


You could see a gargoyle.

Vanquished Creatures
  2 two-headed ogres
  A tengu warrior (D:10)
  Pikel (D:7)
  A cyclops (D:7)
  A troll (D:9)
  A shadow (D:9)
  A wyvern (D:9)
  3 yaks (D:8)
  A steam dragon (D:9)
  2 water moccasins
  Duvessa (D:6)
  A sky beast (D:6)
  A black bear (D:6)
  3 orc warriors
  A blink frog zombie (D:9)
  2 ogres
  4 centaurs
  A phantom (D:5)
  2 lemures (D:7)
  3 kobold brigands
  A wyvern zombie (D:7)
  2 scorpions
  Dowan (D:6)
  4 wights (D:9)
  3 howler monkeys
  3 centaur zombies
  2 hounds
  4 orc priests
  A gnoll shaman (D:5)
  A jelly (D:6)
  5 iguanas
  A scorpion zombie (D:5)
  6 orc wizards
  A killer bee zombie (D:7)
  A mummy (D:4)
  2 howler monkey zombies
  4 gnolls (D:5)
  A howler monkey skeleton (D:6)
  3 adders
  A shadow imp (D:7)
  A white imp (D:7)
  3 worms
  5 dart slugs
  54 orcs
  9 ball pythons
  6 endoplasms
  3 giant cockroaches
  16 goblins
  9 hobgoblins
  8 jackals (D:2)
  7 bats
  2 frilled lizards (D:1)
  14 kobolds
  6 rats
  A spectral orc (D:7)
224 creatures vanquished.

Vanquished Creatures (others)
  4 plants (D:6)
  4 starspawn tentacles (Abyss:1)
8 creatures vanquished.

Grand Total: 232 creatures vanquished

Notes
Turn   | Place    | Note
-------+----------+-------------------------------------------
     0 | Abyss:1  | Gargoyl the Gnoll Abyssal Knight began the quest for the
                  | Orb.
     0 | Abyss:1  | Reached XP level 1. HP: 23/23 MP: 3/3
     0 | Abyss:1  | Found a corrupted altar of Lugonu.
     0 | Abyss:1  | Found a stormy altar of Qazlal.
    26 | Abyss:1  | Found a hazy altar of Hepliaklqana.
    61 | Abyss:1  | Found a corrupted altar of Lugonu.
   100 | Abyss:1  | Found a stormy altar of Qazlal.
   118 | Abyss:1  | Noticed a tentacled starspawn
   144 | Abyss:1  | Found an opulent altar of Gozag.
   146 | D:1      | Escaped the Abyss
   219 | D:1      | Reached XP level 2. HP: 8/29 MP: 5/5
   224 | D:1      | Reached * piety under Lugonu
   482 | D:1      | Found a faded altar of an unknown god.
   536 | D:1      | Reached XP level 3. HP: 32/35 MP: 6/6
  1608 | D:2      | Reached skill level 1 in Short Blades
  1608 | D:2      | Reached skill level 1 in Long Blades
  1608 | D:2      | Reached skill level 1 in Maces & Flails
  1608 | D:2      | Reached skill level 1 in Polearms
  1608 | D:2      | Reached skill level 1 in Staves
  1608 | D:2      | Reached skill level 1 in Slings
  1608 | D:2      | Reached skill level 1 in Bows
  1608 | D:2      | Reached skill level 1 in Crossbows
  1608 | D:2      | Reached skill level 1 in Throwing
  1608 | D:2      | Reached skill level 1 in Stealth
  1608 | D:2      | Reached skill level 1 in Shields
  1608 | D:2      | Reached skill level 1 in Unarmed Combat
  1608 | D:2      | Reached skill level 1 in Spellcasting
  1608 | D:2      | Reached skill level 1 in Evocations
  1614 | D:2      | HP: 1/35 [poisoned by an adder]
  2053 | D:2      | Reached XP level 4. HP: 38/41 MP: 7/7
  3078 | D:3      | Reached ** piety under Lugonu
  3172 | D:3      | Reached skill level 1 in Conjurations
  3172 | D:3      | Reached skill level 1 in Hexes
  3172 | D:3      | Reached skill level 1 in Summonings
  3172 | D:3      | Reached skill level 1 in Necromancy
  3172 | D:3      | Reached skill level 1 in Translocations
  3172 | D:3      | Reached skill level 1 in Transmutations
  3172 | D:3      | Reached skill level 1 in Fire Magic
  3172 | D:3      | Reached skill level 1 in Ice Magic
  3172 | D:3      | Reached skill level 1 in Air Magic
  3172 | D:3      | Reached skill level 1 in Earth Magic
  3172 | D:3      | Reached skill level 1 in Poison Magic
  4065 | D:4      | Reached XP level 5. HP: 23/47 MP: 8/8
  4246 | D:4      | Found a snail-covered altar of Cheibriados.
  4512 | D:4      | Noticed a centaur
  4518 | D:4      | Noticed an ogre
  4521 | D:4      | Killed a centaur
  4522 | D:4      | Reached skill level 5 in Invocations
  4522 | D:4      | Reached XP level 6. HP: 31/53 MP: 9/9
  4781 | D:4      | Reached skill level 5 in Axes
  4781 | D:4      | Reached skill level 5 in Armour
  5859 | D:4      | Identified the +5 ring mail of the Fletcher {rC++ rN+
                  | Str+3}
  5922 | D:4      | Reached XP level 7. HP: 58/59 MP: 10/10
  6085 | D:4      | Reached skill level 7 in Fighting
  6222 | D:5      | Entered Level 5 of the Dungeon
  6362 | D:5      | Found Fejig's Assorted Antiques.
  6732 | D:5      | Reached XP level 8. HP: 62/67 MP: 10/12
  6798 | D:5      | Gained mutation: Your body sometimes deteriorates upon
                  | taking damage. [potion of mutation]
  6973 | D:6      | Found Lixi Leo's Weapon Shoppe.
  7050 | D:6      | Found a runed translucent gate.
  7051 | D:6      | Noticed a kobold demonologist
  7051 | D:6      | Found a runed translucent gate.
  7053 | D:6      | Found a runed translucent gate.
  7053 | D:6      | Noticed Zigma's ghost (novice OpNe)
  7320 | D:6      | Noticed a two-headed ogre
  7368 | D:6      | Killed a two-headed ogre
  7662 | D:6      | Reached XP level 9. HP: 72/72 MP: 14/14
  8259 | D:7      | Found a staircase to the Ecumenical Temple.
  8493 | D:7      | Found an opulent altar of Gozag.
  8495 | D:7      | Noticed a cyclops
  8509 | D:7      | Killed a cyclops
  8510 | D:7      | Reached skill level 5 in Dodging
  8674 | D:7      | Noticed Duvessa
  8674 | D:7      | Noticed Dowan
  8704 | D:6      | Killed Duvessa
  8705 | D:6      | Reached skill level 8 in Fighting
  8720 | D:6      | Killed Dowan
  9013 | D:7      | Noticed Pikel
  9043 | D:7      | Killed Pikel
  9273 | D:7      | Found a basalt altar of Yredelemnul.
  9321 | D:7      | Reached XP level 10. HP: 78/80 MP: 15/17
  9820 | D:8      | Reached skill level 5 in Short Blades
  9820 | D:8      | Reached skill level 5 in Long Blades
  9820 | D:8      | Reached skill level 5 in Maces & Flails
  9820 | D:8      | Reached skill level 5 in Polearms
  9820 | D:8      | Reached skill level 5 in Staves
  9820 | D:8      | Reached skill level 5 in Slings
  9820 | D:8      | Reached skill level 5 in Bows
  9820 | D:8      | Reached skill level 5 in Crossbows
  9820 | D:8      | Reached skill level 5 in Throwing
  9820 | D:8      | Reached skill level 5 in Stealth
  9820 | D:8      | Reached skill level 5 in Shields
  9820 | D:8      | Reached skill level 5 in Unarmed Combat
  9820 | D:8      | Reached skill level 5 in Spellcasting
  9820 | D:8      | Reached skill level 5 in Evocations
 10077 | D:8      | Noticed a two-headed ogre
 10172 | D:8      | Killed a two-headed ogre
 10330 | D:8      | Found an ornate altar of the Wu Jian Council.
 10655 | D:8      | Found an iron altar of Okawaru.
 10937 | D:8      | Found a white marble altar of Elyvilon.
 11096 | D:9      | Found a shimmering blue altar of Sif Muna.
 11380 | D:9      | Reached *** piety under Lugonu
 11660 | D:9      | Found a hazy altar of Hepliaklqana.
 11745 | D:9      | Found a bloodstained altar of Trog.
 11827 | D:9      | Noticed a deep elf pyromancer
 11878 | D:8      | Banished a deep elf pyromancer
 12204 | D:9      | Found a burning altar of Makhleb.
 12393 | D:9      | Reached XP level 11. HP: 43/87 MP: 12/19
 12464 | D:9      | Found a staircase to the Orcish Mines.
 12792 | D:9      | Found a glowing golden altar of the Shining One.
 12964 | D:10     | Entered Level 10 of the Dungeon
 12965 | D:10     | Lost mutation: Your body sometimes deteriorates upon taking
                  | damage. [potion of mutation]
 12965 | D:10     | Gained mutation: You sometimes lose the ability to read
                  | scrolls when taking damage. [potion of mutation]
 12965 | D:10     | Gained mutation: You are partially covered in iridescent
                  | scales. (AC +2) [potion of mutation]
 12976 | D:10     | Found a sparkling altar of Nemelex Xobeh.
 13125 | D:10     | Noticed a tengu warrior
 13146 | D:10     | Killed a tengu warrior
 13147 | D:10     | Reached skill level 9 in Fighting
 13373 | D:10     | Found a hide-covered altar of Uskayaw.
 13575 | D:10     | Reached skill level 5 in Conjurations
 13575 | D:10     | Reached skill level 5 in Hexes
 13575 | D:10     | Reached skill level 5 in Summonings
 13575 | D:10     | Reached skill level 5 in Necromancy
 13575 | D:10     | Reached skill level 5 in Translocations
 13575 | D:10     | Reached skill level 5 in Transmutations
 13575 | D:10     | Reached skill level 5 in Fire Magic
 13575 | D:10     | Reached skill level 5 in Ice Magic
 13575 | D:10     | Reached skill level 5 in Air Magic
 13575 | D:10     | Reached skill level 5 in Earth Magic
 13575 | D:10     | Reached skill level 5 in Poison Magic
 13820 | D:11     | You fall into a shaft and drop 1 floor!
 14126 | D:11     | HP: 4/89 [gargoyle (11)]
 14127 | D:11     | Slain by a gargoyle

Illustrated notes

Levels and vault maps discovered:
D:1:      onia_arrival_handbag, layout_loops_ring,
          hellmonk_ecumenical_altar_heavens_door,
          chequers_serial_rivers_micro_d, minmay_cupped
D:2:      layout_basic, serial_glass, glass_columns_a, glass_columns_a,
          kennysheep_generic_room_3
D:3:      layout_basic, kennysheep_decorative_pillar, guppyfry_early_orc_mine
D:4:      layout_rooms, slow_altar_1
D:5:      layout_rooms, serial_shops, shop_fountains, feat_on_display
D:6:      layout_basic, gammafunk_ghost_nasty_kobolds, nicolae_stop_n_shop_2,
          kennysheep_nondescript, small_statue_intersection
D:7:      layout_gridville, old_standard_altar,
          yredelemnul_forgotten_temple_becter, minmay_temple_entry_from_below_a,
          uniq_pikel, uniq_duvessa
D:8:      layout_loops_ring, nzn_wu_jian_council_hall, elyvilon_altar_5,
          mainiacjoe_overflow_alcove_2
D:9:      layout_rooms, overflow_temple_1_default, tso_oasis_becter,
          mainiacjoe_overflow_six_doors_small, mainiacjoe_overflow_brackets,
          nicolae_sif_muna_condensation, hiddenorc2_lemuel, minmay_microvault
D:10:     layout_small_grid, overflow_temple_1_default, nicolae_uskayaw_suspiria
D:11:     layout_basic, vehumet_altar_wand_db
D:12:     layout_long_grid, serial_shops,
          nicolae_shop_temple_entry_statues_fountains

Skill      XL: |  1  2  3  4  5  6  7  8  9 10 11 |
---------------+----------------------------------+-----
Short Blades   | 1 2 3 4 5 6 |  6.1
Long Blades    | 1 2 3 4 5 6 |  6.1
Maces & Flails | 1 2 3 4 5 6 |  6.1
Polearms       | 1 2 3 4 5 6 |  6.1
Staves         | 1 2 3 4 5 6 |  6.1
Slings         | 1 2 3 4 5 6 |  6.1
Bows           | 1 2 3 4 5 6 |  6.1
Crossbows      | 1 2 3 4 5 6 |  6.1
Throwing       | 1 2 3 4 5 6 |  6.1
Stealth        | 1 2 3 4 5 6 |  6.1
Shields        | 1 2 3 4 5 6 |  6.1
Unarmed Combat | 1 2 3 4 5 6 |  6.1
Spellcasting   | 1 2 3 4 5 6 |  6.1
Evocations     | 1 2 3 4 5 6 |  6.1
Conjurations   | 1 2 3 4 5 |  5.0
Hexes          | 1 2 3 4 5 |  5.0
Summonings     | 1 2 3 4 5 |  5.0
Necromancy     | 1 2 3 4 5 |  5.0
Translocations | 1 2 3 4 5 |  5.0
Transmutations | 1 2 3 4 5 |  5.0
Fire Magic     | 1 2 3 4 5 |  5.0
Ice Magic      | 1 2 3 4 5 |  5.0
Air Magic      | 1 2 3 4 5 |  5.0
Earth Magic    | 1 2 3 4 5 |  5.0
Poison Magic   | 1 2 3 4 5 |  5.0
Dodging        | 3 4 5 6 |  6.7
Invocations    | 5 6 7 8 |  8.2
Axes           | 5 6 7 |  7.7
Armour         | 5 6 7 |  7.7
Fighting       | 7 8 9 |  9.0

Action                   |  1- 3 |  4- 6 |  7- 9 | 10-12 || total
-------------------------+-------+-------+-------+-------++-------
Melee: Hand axe          |    18 |       |       |       ||    18
       Dagger            |    94 |   257 |   338 |   562 ||  1251
       Bite              |     4 |    32 |    46 |    71 ||   153
       Punch             |       |     1 |       |       ||     1
Throw: Dart              |       |       |    15 |    23 ||    38
Invok: Depart the Abyss  |     1 |       |       |       ||     1
       Bend Space        |       |     2 |       |     1 ||     3
       Banish            |       |       |       |     6 ||     6
  Use: Scroll            |     3 |     1 |    10 |     8 ||    22
       Potion            |     1 |       |     1 |     3 ||     5
 Stab: Sleeping          |     3 |     1 |     2 |       ||     6
Armor: Leather armour    |    46 |    15 |       |       ||    61
       Ring mail         |       |    22 |   118 |   182 ||   322
       Plate armour      |       |    19 |       |       ||    19
       Chain mail        |       |     1 |       |       ||     1
Dodge: Dodged            |    86 |   143 |   143 |   317 ||   689
Block: Buckler           |       |       |    51 |   125 ||   176

Table legend: (Time is in decaauts)
 A = Elapsed time spent in this place.
 B = Non-inter-level travel time spent in this place.
 C = Inter-level travel time spent in this place.
 D = Time resting spent in this place.
 E = Time spent auto-exploring this place.
 F = Levels seen in this place.
 G = Mean time per level.
                   A        B        C        D        E       F      G
               +--------+--------+--------+--------+--------+-----+--------+
         Total |  13894 |  13533 |    361 |   2416 |   8511 |  13 | 1068.8 |
       Dungeon |  13748 |  13387 |    361 |   2416 |   8401 |  12 | 1145.7 |
         Abyss |    146 |    146 |      0 |      0 |    110 |   1 |  146.0 |
               +--------+--------+--------+--------+--------+-----+--------+

Top non-repeatable levels by time:
     D:3: 1773 daAuts
     D:6: 1670 daAuts
     D:8: 1605 daAuts
     D:9: 1549 daAuts
     D:2: 1541 daAuts
     D:4: 1496 daAuts
     D:1: 1246 daAuts
     D:7: 998 daAuts
    D:10: 814 daAuts
     D:5: 742 daAuts
    D:12: 205 daAuts
 Abyss:1: 146 daAuts
    D:11: 105 daAuts
